 Dungeon Crawl Stone Soup version 0.31.0-11-ge490571c62 (webtiles) character file.

Game seed: 148892713239748482

4755 Lolow the Spear-Bearer (level 10, -5/82 HPs)
             Began as a Gnoll Cinder Acolyte on Feb 10, 2024.
             Was an Initiate of the Shining One.
             Slain by a komodo dragon (20 damage)
             ... on level 9 of the Dungeon.
             The game lasted 00:50:50 (8877 turns).

Lolow the Spear-Bearer (Gnoll Cinder Acolyte)       Turns: 8877, Time: 00:50:51

Health: -5/82      AC: 15    Str: 18    XL:     10   Next: 46%
Magic:  19/19      EV:  8    Int: 14    God:    the Shining One [......]
Gold:   130        SH:  0    Dex: 19    Spells: 19/21 levels left

rFire   . . .        a - +4 long sword "Worm" {spect, rCorr}
rCold   . . .        (no shield)
rNeg    . . .        E - +0 plate armour of the Furies {-Cast Fly rF++ Will+++}
rPois   .            (no helmet)
rElec   .            w - +2 cloak
rCorr   +            (no gloves)
SInv    .            (no boots)
Will    +++..        (no amulet) Stlth
                     l - +6 ring of dexterity
HPRegen 0.33/turn    o - +6 ring of dexterity
MPRegen 0.16/turn

%: no spellcasting
@: flying, glowing, fire susceptible
A: fangs 1, strong nose, distributed training
a: Renounce Religion


You were on level 9 of the Dungeon.
You worshipped the Shining One.
The Shining One was noncommittal.
You visited 1 branch of the dungeon, and saw 9 of its levels.

You collected 348 gold pieces.
You spent 218 gold pieces at shops.

Inventory:

Hand Weapons
 a - the +4 long sword "Worm" (weapon) {spect, rCorr}
   (You found it on level 5 of the Dungeon)

   rCorr:     It protects you from acid and corrosion.
 b - a +0 shortbow
 e - a +0 whip
 j - a +0 short sword
 u - a +0 hand axe
 v - a +3 quarterstaff of chaos
 y - a -1 spear of flaming
 F - a +5 flail of draining
 H - a +3 scimitar
Missiles
 A - 6 poisoned darts (quivered)
Armour
 d - a +1 ring mail
 h - a +0 chain mail
 m - a +0 ring mail
 w - a +2 cloak (worn)
 z - a +3 scale mail of fire resistance
 E - the +0 plate armour of the Furies (worn) {-Cast Fly rF++ Will+++}
   (You acquired it on level 7 of the Dungeon)

   rF++:      It greatly protects you from fire.
   Will+++:   It greatly increases your willpower.
   Fly:       It grants you flight.
   -Cast:     It prevents spellcasting.
Jewellery
 l - a +6 ring of dexterity (left hand)
 o - a +6 ring of dexterity (right hand)
 s - a ring of ice
 t - the ring "Gudimnoc" {Fire Str-5 Dex+7}
   (You found it on level 3 of the Dungeon)

   [ring of fire]

   Fire:      It enhances your fire magic.
   Str-5:     It affects your strength (-5).
   Dex+7:     It affects your dexterity (+7).
   rF+:       It protects you from fire.
   rC-:       It makes you vulnerable to cold.
 B - a ring of protection from cold
 J - a ring of fire
 N - a ring of poison resistance
Talismans
 q - a flux talisman
Wands
 r - a wand of light (7)
 x - a wand of flame (34)
 L - a wand of mindburst (21)
Scrolls
 f - 5 scrolls of teleportation
 g - 4 scrolls of fog
 D - a scroll of poison
 G - 2 scrolls of revelation {unknown}
 I - a scroll of noise {unknown}
 K - 2 scrolls of identify
 M - a scroll of enchant armour
 P - a scroll of vulnerability
Potions
 c - a potion of degeneration
 i - 2 potions of curing
 k - a potion of heal wounds
 n - 2 potions of lignification
 p - a potion of invisibility {unknown}
 C - a potion of mutation {unknown}
 O - a potion of magic {unknown}


   Skills:
 + Level 8.6 Fighting
 + Level 5.5 Short Blades
 + Level 5.5 Long Blades
 + Level 5.5 Axes
 + Level 5.5 Maces & Flails
 + Level 8.6 Polearms
 + Level 5.5 Staves
 + Level 5.5 Ranged Weapons
 + Level 5.5 Throwing
 + Level 5.5 Armour
 + Level 5.5 Dodging
 + Level 5.5 Stealth
 + Level 5.5 Shields
 + Level 5.5 Unarmed Combat
 + Level 6.2 Spellcasting
 + Level 4.5 Conjurations
 + Level 4.5 Hexes
 + Level 4.5 Summonings
 + Level 4.5 Necromancy
 + Level 4.5 Translocations
 + Level 7.2 Fire Magic
 + Level 4.5 Ice Magic
 + Level 4.5 Air Magic
 + Level 4.5 Earth Magic
 + Level 4.5 Alchemy
 + Level 6.0 Invocations
 + Level 5.5 Evocations
 + Level 5.0 Shapeshifting


You had 19 spell levels left.
You knew the following spells:

 Your Spells              Type           Power      Damage    Failure   Level
a - Scorch                Fire           48%        2d7       36%         2

Your spell library contained the following spells:

 Spells                   Type           Power      Damage    Failure   Level
 Magic Dart               Conj           68%        1d6       61%         1
 Blink                    Tloc           34%        N/A       75%         2
 Call Imp                 Summ           34%        N/A       75%         2
 Jinxbite                 Hex            34%        N/A       75%         2
 Volatile Blastmotes      Fire/Tloc      40%        2d13      80%         3
 Dazzling Flash           Conj/Hex       34%        N/A       93%         3
 Frozen Ramparts          Ice            34%        1d6       93%         3
 Tukima's Dance           Hex            17%        N/A       93%         3
 Brom's Barrelling Bould  Conj/Erth      17%        2d4       100%        4
 Dimensional Bullseye     Hex/Tloc       8%         N/A       100%        4
 Iskenderun's Mystic Bla  Conj/Tloc      17%        2d5       100%        4
 Leda's Liquefaction      Alch/Erth      8%         N/A       100%        4
 Petrify                  Alch/Erth      17%        N/A       100%        4
 Lee's Rapid Deconstruct  Erth           8%         3d7*      100%        5
 Metabolic Englaciation   Hex/Ice        8%         N/A       100%        5
 Yara's Violent Unravell  Hex/Alch       8%         3d5       100%        5
 Bombard                  Conj/Erth      8%         9d2       100%        6
 Starburst                Conj/Fire      10%        6d5       100%        6
 Enfeeble                 Hex            8%         N/A       100%        7
 Maxwell's Capacitive Co  Air            8%         ∞         100%        8


Dungeon Overview and Level Annotations

Branches:
Dungeon (9/15)               Lair (0/5) D:9
 Temple: D:4-7          Orc: D:9-12

Altars:
Hepliaklqana
Sif Muna
Uskayaw
Xom
The Shining One

Shops:
D:2 ?   D:7 ?[


Innate Abilities, Weirdness & Mutations

You have very sharp teeth.
Your uncanny sense of smell can sniff out nearby items.
Your experience applies equally to all skills.


Message History

The komodo dragon bites the plant!
The komodo dragon bites the plant!!
You hit the plant.
The plant is moderately damaged.
A nearby plant withers and dies.
You barely miss the komodo dragon.
A nearby plant withers and dies.
The komodo dragon barely misses you.
You slash the komodo dragon!
The komodo dragon is lightly wounded.
The komodo dragon bites you!
You barely miss the komodo dragon.
You bite the komodo dragon, but do no damage.
The komodo dragon is lightly wounded.
The komodo dragon hisses menacingly.
The komodo dragon bites you but does no damage.
You slash the komodo dragon! Your bite misses the komodo dragon.
The komodo dragon is heavily wounded.
The komodo dragon bites you!!
You hit the komodo dragon.
You punch the komodo dragon, but do no damage.
The komodo dragon is heavily wounded.
The komodo dragon bites you!
You hit the komodo dragon.
You bite the komodo dragon, but do no damage.
The komodo dragon is heavily wounded.
The komodo dragon bites you!
* * * LOW HITPOINT WARNING * * *
The komodo dragon bites you but does no damage.
You feel better. The komodo dragon bites you!
* * * LOW HITPOINT WARNING * * *
The komodo dragon attacks as it pursues you!
The komodo dragon bites you but does no damage.
You slash the komodo dragon!
You bite the komodo dragon, but do no damage.
The komodo dragon is severely wounded.
Your +4 long sword "Worm" {spect, rCorr} hits the komodo dragon but does no damage.
The komodo dragon bites you!
* * * LOW HITPOINT WARNING * * *
The komodo dragon bites you!!
You die...

#....#..# ##....#... .. .
#..#.....#.## #. .#...
#....... #.# ....###......
#.. #.##_##..⌠.. ###.### ∆
#..##'......
###.....######...#..P....
##.......@.##........~~P..
#P.PPP..l(..###.#.....P...
#PPPP.P...................
#PPP...P.P....#.####..##..
#PP.>...PPPP.##<.....##...
#PP...PPPPPP###.####.# .


##PPPPPPPPP## #.# .# ########### ### .# You could see a komodo dragon and a
friendly +4 long sword "Worm" {spect, rCorr}.

Vanquished Creatures
  Prince Ribbit (D:7)
  Eustachio (D:4)
  2 steam dragons
  3 yaks (D:8)
  5 humans (D:8)
  Edmund (D:4)
  Menkaure (D:7)
  A water moccasin (D:7)
  2 sky beasts (D:7)
  5 ogres
  2 centaurs (D:5)
  4 phantoms
  A kobold brigand (D:8)
  5 bullfrogs
  2 scorpions (D:4)
  4 wights (D:7)
  2 jellies
  An orc priest (D:5)
  A gnoll bouda (D:5)
  5 hounds
  Crazy Yiuf (D:3)
  2 sleepcaps
  Jessica (D:2)
  Ijyb (D:4)
  3 iguanas
  Natasha (twice) (D:3)
  6 orc wizards
  9 gnolls
  6 adders
  2 shadow imps
  5 dart slugs
  2 ribbon worms (D:2)
  21 orcs
  5 ball pythons
  7 endoplasms
  2 giant cockroaches (D:1)
  9 goblins
  5 hobgoblins
  6 jackals
  4 quokkas
  4 bats
  4 frilled lizards
  15 kobolds
  8 rats
179 creatures vanquished.

Vanquished Creatures (others)
  2 orcs (D:7)
  33 foxfires
35 creatures vanquished.

Grand Total: 214 creatures vanquished

Notes
Turn   | Place    | Note
-------+----------+-------------------------------------------
     0 | D:1      | Lolow the Gnoll Cinder Acolyte began the quest for the Orb.
     0 | D:1      | Reached XP level 1. HP: 23/23 MP: 4/4
   120 | D:1      | Reached XP level 2. HP: 29/29 MP: 5/5
   125 | D:1      | Learned a level 2 spell: Scorch
   421 | D:1      | Reached XP level 3. HP: 30/35 MP: 7/7
   821 | D:1      | Reached skill level 1 in Invocations
  1172 | D:2      | Found Foitouteal's Magic Scroll Boutique.
  1178 | D:2      | Bought a scroll of identify for 22 gold pieces
  1255 | D:2      | Identified the +2 ring mail of Tivirof {rElec Regen+ Int+2
                  | Dex+2}
  1273 | D:2      | Noticed Jessica
  1283 | D:2      | Killed Jessica
  1284 | D:2      | Reached skill level 1 in Short Blades
  1284 | D:2      | Reached skill level 1 in Long Blades
  1284 | D:2      | Reached skill level 1 in Axes
  1284 | D:2      | Reached skill level 1 in Maces & Flails
  1284 | D:2      | Reached skill level 1 in Staves
  1284 | D:2      | Reached skill level 1 in Ranged Weapons
  1284 | D:2      | Reached skill level 1 in Throwing
  1284 | D:2      | Reached skill level 1 in Armour
  1284 | D:2      | Reached skill level 1 in Dodging
  1284 | D:2      | Reached skill level 1 in Stealth
  1284 | D:2      | Reached skill level 1 in Shields
  1284 | D:2      | Reached skill level 1 in Unarmed Combat
  1284 | D:2      | Reached skill level 1 in Evocations
  1284 | D:2      | Reached skill level 1 in Shapeshifting
  1284 | D:2      | Reached XP level 4. HP: 41/41 MP: 8/8
  1766 | D:2      | Reached skill level 1 in Conjurations
  1766 | D:2      | Reached skill level 1 in Hexes
  1766 | D:2      | Reached skill level 1 in Summonings
  1766 | D:2      | Reached skill level 1 in Necromancy
  1766 | D:2      | Reached skill level 1 in Translocations
  1766 | D:2      | Reached skill level 1 in Ice Magic
  1766 | D:2      | Reached skill level 1 in Air Magic
  1766 | D:2      | Reached skill level 1 in Earth Magic
  1766 | D:2      | Reached skill level 1 in Alchemy
  2567 | D:3      | Noticed Natasha
  2573 | D:3      | Killed Natasha
  2574 | D:3      | Reached XP level 5. HP: 47/47 MP: 9/9
  2698 | D:3      | Found a shimmering altar of Xom.
  2712 | D:3      | Noticed Natasha
  2725 | D:3      | Killed Natasha
  3293 | D:3      | Identified the ring "Gudimnoc" {Fire Str-5 Dex+7}
  3317 | D:3      | Reached XP level 6. HP: 53/53 MP: 11/11
  3511 | D:3      | Found a runed translucent door.
  3512 | D:3      | Noticed Crazy Yiuf
  3525 | D:3      | Killed Crazy Yiuf
  3657 | D:4      | Noticed Edmund
  3680 | D:4      | Killed Edmund
  3681 | D:4      | Reached XP level 7. HP: 23/53 MP: 12/12
  3836 | D:4      | Noticed Eustachio
  3850 | D:4      | Killed Eustachio
  4324 | D:4      | Reached XP level 8. HP: 60/67 MP: 14/14
  4434 | D:4      | Noticed Ijyb
  4444 | D:4      | Killed Ijyb
  4870 | D:5      | Entered Level 5 of the Dungeon
  5016 | D:6      | HP: 3/67 [orc wizard/magic dart (9)]
  5876 | D:5      | Reached XP level 9. HP: 73/73 MP: 16/16
  5989 | D:5      | Identified the +4 long sword "Worm" {spect, rCorr}
  6052 | D:5      | Reached skill level 5 in Spellcasting
  6500 | D:6      | You fall into a shaft and drop 1 floor!
  6567 | D:7      | Noticed Menkaure
  6571 | D:7      | Killed Menkaure
  6930 | D:7      | Reached skill level 5 in Invocations
  6935 | D:7      | Identified a scroll of acquirement
  6935 | D:7      | Acquired the +0 plate armour of the Furies {-Cast Fly rF++
                  | Will+++}
  7015 | D:7      | Found Xiblikug's Magic Scroll Emporium.
  7024 | D:7      | Bought a scroll of teleportation for 42 gold pieces
  7024 | D:7      | Bought a scroll of teleportation for 42 gold pieces
  7024 | D:7      | Bought a scroll of teleportation for 42 gold pieces
  7024 | D:7      | Bought a scroll of identify for 28 gold pieces
  7024 | D:7      | Bought a scroll of teleportation for 42 gold pieces
  7074 | D:7      | Noticed Prince Ribbit
  7083 | D:7      | Killed Prince Ribbit
  7217 | D:7      | Found a hazy altar of Hepliaklqana.
  7217 | D:7      | Found a hide-covered altar of Uskayaw.
  7306 | D:7      | Found Osmoex's Armour Shop.
  7407 | D:8      | Reached skill level 5 in Short Blades
  7407 | D:8      | Reached skill level 5 in Long Blades
  7407 | D:8      | Reached skill level 5 in Axes
  7407 | D:8      | Reached skill level 5 in Maces & Flails
  7407 | D:8      | Reached skill level 5 in Staves
  7407 | D:8      | Reached skill level 5 in Ranged Weapons
  7407 | D:8      | Reached skill level 5 in Throwing
  7407 | D:8      | Reached skill level 5 in Armour
  7407 | D:8      | Reached skill level 5 in Dodging
  7407 | D:8      | Reached skill level 5 in Stealth
  7407 | D:8      | Reached skill level 5 in Shields
  7407 | D:8      | Reached skill level 5 in Unarmed Combat
  7407 | D:8      | Reached skill level 5 in Evocations
  7407 | D:8      | Reached XP level 10. HP: 32/81 MP: 18/18
  8180 | D:8      | Got the Essays on Geology
  8238 | D:8      | Found a shimmering blue altar of Sif Muna.
  8281 | D:8      | Identified the +1 robe "Ehoishreho" {Str+3}
  8310 | D:8      | Reached skill level 5 in Shapeshifting
  8637 | D:9      | Found a glowing golden altar of the Shining One.
  8642 | D:9      | Fell from the grace of Ignis
  8642 | D:9      | Became a worshipper of the Shining One
  8854 | D:9      | Found a staircase to the Lair.
  8877 | D:9      | Slain by a komodo dragon

Illustrated notes

Levels and vault maps discovered:
D:1:      dpeg_arrival_yet_another_circle, layout_loops_ring, glass_columns_a
D:2:      layout_basic, serial_shops, shop, uniq_jessica
D:3:      layout_basic, mainiacjoe_overflow_catwalk, uniq_grinder, uniq_natasha,
          uniq_crazy_yiuf_cottage
D:4:      layout_loops_corners, chequers_serial_rivers_micro_e,
          kennysheep_nondescript, st_stairs_12, uniq_ijyb, uniq_eustachio,
          uniq_edmund
D:5:      layout_loops_corners
D:6:      cheibrodos_iron_armory, layout_cave_pools,
          mainiacjoe_overflow_surrounded_room, amcnicky_altar_gilded,
          temple_green, serial_column_ruins, column_ruins_open_tiny,
          column_ruins_columns_straight, column_ruins_grid_2,
          column_ruins_columns_straight, column_ruins_grid_3,
          column_ruins_grid_1, column_ruins_columns_dead_end, uniq_sigmund
D:7:      layout_rooms, gammafunk_temple_overflow_wave, serial_shops,
          nicolae_shop_just_a_little_nook, nicolae_shop_behind_doors,
          uniq_menkaure, uniq_prince_ribbit1
D:8:      layout_gridville, nicolae_sif_muna_little_library, minmay_ruffians
D:9:      layout_basic, marbit_many_paths, tso_oasis_becter, david_lair_shrubbed

Skill      XL: |  1  2  3  4  5  6  7  8  9 10 |
---------------+-------------------------------+-----
Invocations    | 1 2 3 4 5 6 |  6.0
Short Blades   | 1 2 3 5 |  5.5
Long Blades    | 1 2 3 5 |  5.5
Axes           | 1 2 3 5 |  5.5
Maces & Flails | 1 2 3 5 |  5.5
Staves         | 1 2 3 5 |  5.5
Ranged Weapons | 1 2 3 5 |  5.5
Throwing       | 1 2 3 5 |  5.5
Armour         | 1 2 3 5 |  5.5
Dodging        | 1 2 3 5 |  5.5
Stealth        | 1 2 3 5 |  5.5
Shields        | 1 2 3 5 |  5.5
Unarmed Combat | 1 2 3 5 |  5.5
Spellcasting   | 3 4 5 6 |  6.2
Evocations     | 1 2 3 5 |  5.5
Shapeshifting  | 1 2 3 4 5 |  5.0
Conjurations   | 1 2 3 4 |  4.5
Hexes          | 1 2 3 4 |  4.5
Summonings     | 1 2 3 4 |  4.5
Necromancy     | 1 2 3 4 |  4.5
Translocations | 1 2 3 4 |  4.5
Ice Magic      | 1 2 3 4 |  4.5
Air Magic      | 1 2 3 4 |  4.5
Earth Magic    | 1 2 3 4 |  4.5
Alchemy        | 1 2 3 4 |  4.5
Fighting       | 7 8 |  8.6
Polearms       | 7 8 |  8.6
Fire Magic     | 6 7 |  7.2

Action                     |  1- 3 |  4- 6 |  7- 9 | 10-12 || total
---------------------------+-------+-------+-------+-------++-------
  Melee: Spear             |    81 |   102 |     7 |       ||   190
         Bite              |     5 |    17 |    29 |    11 ||    62
         Flail             |       |   101 |   153 |       ||   254
         Punch             |       |     4 |     3 |     4 ||    11
         Long sword        |       |       |    85 |    58 ||   143
   Fire: Shortbow          |       |       |    39 |     5 ||    44
  Throw: Stone             |     1 |    16 |     4 |       ||    21
         Dart              |       |     8 |     5 |     3 ||    16
   Cast: Scorch            |     3 |       |     1 |       ||     4
 Invoke: Fiery Armour      |     1 |     2 |     2 |       ||     5
         Foxfire Swarm     |       |     3 |     2 |       ||     5
    Use: Scroll            |     4 |     1 |    10 |       ||    15
         Potion            |       |     3 |     1 |     1 ||     5
   Stab: Distracted        |       |       |     3 |       ||     3
 Armour: Robe              |     3 |       |       |       ||     3
         Ring mail         |    20 |       |       |       ||    20
         Chain mail        |       |   108 |     2 |       ||   110
         Skin              |       |    28 |       |       ||    28
         Scale mail        |       |       |   164 |       ||   164
         Plate armour      |       |       |    39 |    63 ||   102
  Dodge: Dodged            |    10 |    44 |   135 |    22 ||   211
